Staline vs Patriotes
(R1)
Created - May 18, 2017 at 20:40
Goals
|
| Staline |
1 |
0 |
2 |
3 |
| Patriotes |
0 |
1 |
0 |
1 |
|
Shots
|
| Staline |
7 |
7 |
9 |
23 |
| Patriotes |
10 |
3 |
5 |
18 |
|
1st period
1. Staline , Corey Trivino 15 (Nick Spaling 41) at 7:02 (PP)
Penalties :
Timothy Kunes (Nyc) for Cross-checking (Minor) at 6:27, Stu Bickel (StJ) for Cross-checking (Minor) at 14:50, Mike Reilly (StJ) for Hooking (Minor) at 18:50, Steven Goertzen (StJ) for Roughing (Minor) at 18:59
2nd period
2. Patriotes , Zenon Konopka 30 (Stephen Johns 7, Mike Funk 8) at 18:37 (PP)
Penalties :
Jordan Caron (StJ) for High sticking (Minor) at 2:32, Peter Holland (StJ) for Slashing (Minor) at 18:27, Stephen Johns (Nyc) for Interference (Minor) at 19:39
3rd period
3. Staline , Philip Larsen 6 (Corey Trivino 19) at 1:21 (PP)
4. Staline , Nick Spaling 40 (Stu Bickel 38, Cody Eakin 46) at 17:42 (PP)
Penalties :
Fedor Fedorov (Nyc) for Hooking (Minor) at 1:45, Stephen Johns (Nyc) for Holding (Minor) at 16:47
Goalie Stats
Allen York (StJ), 17 saves from 18 shots - (0.944), W, 39-21-8, 60:00 minutes
Jason Missiaen (Nyc), 20 saves from 23 shots - (0.870), L, 8-13-0, 60:00 minutes
Players Stats for Staline
Player Name G A P +/- PIM S H SB GA TA FO MP PP MP PK MP
------------------------------------------------------------------------------------
Aaron Ness 0 0 0 0 0 0 0 0 1 0 0/0 10:08 0:00 0:00
Andrey Pedan 0 0 0 0 0 0 0 0 0 0 0/0 6:18 0:00 0:00
Barclay Goodrow 0 0 0 0 0 0 0 0 0 1 0/0 13:23 0:05 0:00
Brandon Burlon 0 0 0 0 0 0 0 1 0 0 0/0 18:52 1:07 2:20
Bryan Bickell 0 0 0 0 0 0 0 0 0 0 0/0 7:41 0:00 1:27
Cody Eakin 0 1 1 0 0 0 1 1 0 0 6/20 19:24 3:48 1:15
Corey Trivino 1 1 2 0 0 2 1 0 0 1 5/9 16:24 1:18 0:00
David Kolomatis 0 0 0 0 0 0 0 1 0 0 0/0 11:11 0:00 0:11
David Musil 0 0 0 0 0 0 0 0 0 0 0/0 1:01 0:00 1:01
James Sheppard 0 0 0 0 0 1 0 0 1 0 0/1 13:56 0:05 0:00
Jiri Sekac 0 0 0 0 0 1 0 0 0 0 2/3 5:20 0:05 0:12
Jordan Caron 0 0 0 0 2 1 3 0 0 0 0/0 16:52 1:18 0:00
Keith Yandle 0 0 0 0 0 3 1 0 0 1 0/0 24:42 4:04 3:56
Matt Pettinger 0 0 0 0 0 5 4 2 3 1 4/12 24:39 3:48 3:49
Mike Reilly 0 0 0 0 2 0 0 0 0 0 0/0 6:30 0:00 0:09
Nick Spaling 1 1 2 0 0 5 2 1 0 0 1/1 17:31 1:18 1:15
Nikita Nesterov 0 0 0 0 0 0 0 0 0 0 0/0 0:00 0:00 0:00
Peter Holland 0 0 0 0 2 3 2 0 0 1 1/5 13:07 0:00 0:00
Philip Larsen 1 0 1 0 0 1 1 0 0 0 0/0 18:52 1:07 2:20
Steven Goertzen 0 0 0 0 2 1 2 0 0 0 0/1 23:08 3:48 2:34
Stu Bickel 0 1 1 0 2 0 0 0 0 0 0/0 22:50 4:04 2:44
Players Stats for Patriotes
Player Name G A P +/- PIM S H SB GA TA FO MP PP MP PK MP
------------------------------------------------------------------------------------
Andrew Gordon 0 0 0 0 0 3 1 0 0 0 8/12 26:07 3:30 3:47
Austin Watson 0 0 0 0 0 0 1 0 1 0 1/1 16:50 2:46 0:40
Christian Hanson 0 0 0 0 0 0 5 0 0 0 13/19 20:21 3:30 1:04
Fedor Fedorov 0 0 0 0 2 5 4 0 1 0 1/1 19:11 3:30 0:21
Jared Knight 0 0 0 0 0 0 3 0 0 0 1/1 5:23 0:00 0:00
Jordie Benn 0 0 0 0 0 1 2 0 0 2 0/0 21:58 2:03 1:03
Lauri Tukonen 0 0 0 0 0 0 4 0 0 0 0/1 12:35 0:00 0:47
Mathieu Perreault 0 0 0 0 0 1 1 0 0 0 2/5 10:46 0:00 0:00
Mattias Weinhandl 0 0 0 0 0 1 1 0 0 1 1/2 22:54 2:46 3:43
Melker Karlsson 0 0 0 0 0 0 3 0 0 0 1/4 10:30 0:00 0:00
Mike Funk 0 1 1 0 0 1 1 1 1 0 0/0 21:20 2:59 1:14
Robbie Russo 0 0 0 0 0 0 0 3 0 2 0/0 20:06 0:00 3:44
Ryan Wilson 0 0 0 0 0 0 0 1 0 0 0/0 3:40 0:00 0:35
Scott Glennie 0 0 0 0 0 0 0 0 0 0 0/0 10:02 0:00 0:00
Stephen Johns 0 1 1 0 4 0 2 0 0 0 0/0 21:27 3:27 0:22
Timothy Kunes 0 0 0 0 2 1 4 0 1 0 0/0 25:56 4:03 3:24
Zach Budish 0 0 0 0 0 1 2 1 0 0 0/0 9:39 0:00 0:00
Zenon Konopka 1 0 1 0 0 4 0 0 1 0 5/6 16:00 2:46 0:00
3 Stars
1 - Nick Spaling (StJ)
2 - Corey Trivino (StJ)
3 - Philip Larsen (StJ)
Power Play
Staline - 3 on 4 Attempt(s) - 75.00%
Patriotes - 1 on 5 Attempt(s) - 20.00%
Penalty Kill
Staline - 4 on 5 Attempt(s) - 80.00%
- Score 0 goal in Penalty Kill
Patriotes - 1 on 4 Attempt(s) - 25.00%
- Score 0 goal in Penalty Kill
Team Stat
Staline - Hits : 17 - Faceoff Wins : 19 - Blocked Shots : 6 - Penalty Minutes : 10
Patriotes - Hits : 34 - Faceoff Wins : 33 - Blocked Shots : 6 - Penalty Minutes : 8
Official
Referees : Kowal Tom and McCauley Wes
Linesman : Michel Cormier and Don Henderson
Game Notes
Ryan Wilson is injured at 7:38 of 1st period (Bruised Left Arm)
Finance
Level 1 -- Attendance: 1540 (77.00%) -- Ticket Income $53,900
Level 2 -- Attendance: 802 (80.20%) -- Ticket Income $12,030
Total Attendance: 2342 (78.07%)
Total Ticket Income: $65,930
Other Income: $3,296
Total Income: $69,226
Staline
5 vs 5 Forward
Center Left Wing Right Wing Time % Phy DF OF
1 Cody Eakin Matt Pettinger Steven Goertzen 40 1 2 2
2 Corey Trivino Nick Spaling Jordan Caron 30 1 2 2
3 Peter Holland James Sheppard Barclay Goodrow 20 1 2 2
4 Matt Pettinger Bryan Bickell Steven Goertzen 10 1 2 2
5 vs 5 Defense
Defense Defense Time % Phy DF OF
1 Stu Bickel Keith Yandle 40 1 2 2
2 Brandon Burlon Philip Larsen 30 1 2 2
3 David Kolomatis Aaron Ness 20 1 2 2
4 Andrey Pedan Mike Reilly 10 1 2 2
PowerPlay Forward
Center Left Wing Right Wing Time % Phy DF OF
1 Cody Eakin Matt Pettinger Steven Goertzen 60 1 2 2
2 Corey Trivino Nick Spaling Jordan Caron 40 1 2 2
PowerPlay Defense
Defense Defense Time % Phy DF OF
1 Stu Bickel Keith Yandle 60 1 2 2
2 Brandon Burlon Philip Larsen 40 1 2 2
Penalty Kill 4 Players Forward
Center Wing Time % Phy DF OF
1 Matt Pettinger Steven Goertzen 60 1 2 2
2 Nick Spaling Cody Eakin 40 1 2 2
Penalty Kill 4 Players Defense
Defense Defense Time % Phy DF OF
1 Stu Bickel Keith Yandle 60 1 2 2
2 Brandon Burlon Philip Larsen 40 1 2 2
Penalty Kill - 3 Players Forward
Forward Time % Phy DF OF
1 Matt Pettinger 60 1 2 2
2 Steven Goertzen 40 1 2 2
Penalty Kill - 3 Players Defense
Defense Defense Time % Phy DF OF
1 Stu Bickel Keith Yandle 60 1 2 2
2 Brandon Burlon Philip Larsen 40 1 2 2
4 vs 4 Forward
Center Wing Time % Phy DF OF
1 Matt Pettinger Steven Goertzen 60 1 2 2
2 Nick Spaling Cody Eakin 40 1 2 2
4 vs 4 Defense
Defense Defense Time % Phy DF OF
1 Stu Bickel Keith Yandle 60 1 2 2
2 Brandon Burlon Philip Larsen 40 1 2 2
Last Minutes Offensive
Center Left Wing Right Wing Defense Defense
Cody Eakin Matt Pettinger Steven Goertzen Stu Bickel Keith Yandle
Last Minutes Defensive
Center Left Wing Right Wing Defense Defense
Cody Eakin Matt Pettinger Steven Goertzen Stu Bickel Keith Yandle
Goaltenders
Starting : Allen York
Backup : Joni Ortio
Extra Forwards
Normal : Jiri Sekac, James Sheppard, Bryan Bickell - PP : Jiri Sekac, James Sheppard - PK : Bryan Bickell
Extra Defensemen
Normal : Nikita Nesterov, David Musil, David Kolomatis - PP : Nikita Nesterov - PK : David Musil, David Kolomatis
Penalty Shots
Matt Pettinger, Steven Goertzen, Nick Spaling, Cody Eakin, James Sheppard
Scratches
David Desharnais (Torn Left Knee Ligaments Injury), Dustin Kohn (Healthy), Brandon Mashinter (Healthy), Mark Mitera (Left Leg Injury), Danny Kristo (Broken Bone (Right Ankle) Injury)
Patriotes
5 vs 5 Forward
Center Left Wing Right Wing Time % Phy DF OF
1 Christian Hanson Fedor Fedorov Andrew Gordon 40 1 2 2
2 Zenon Konopka Austin Watson Mattias Weinhandl 30 1 2 2
3 Mathieu Perreault Andrew Gordon Lauri Tukonen 20 1 2 2
4 Melker Karlsson Mattias Weinhandl Zach Budish 10 1 2 2
5 vs 5 Defense
Defense Defense Time % Phy DF OF
1 Ryan Wilson Timothy Kunes 40 1 2 2
2 Jordie Benn Mike Funk 30 1 2 2
3 Stephen Johns Robbie Russo 20 1 2 2
4 Ryan Wilson Timothy Kunes 10 1 2 2
PowerPlay Forward
Center Left Wing Right Wing Time % Phy DF OF
1 Christian Hanson Fedor Fedorov Andrew Gordon 60 1 2 2
2 Zenon Konopka Austin Watson Mattias Weinhandl 40 1 2 2
PowerPlay Defense
Defense Defense Time % Phy DF OF
1 Ryan Wilson Timothy Kunes 60 1 2 2
2 Jordie Benn Mike Funk 40 1 2 2
Penalty Kill 4 Players Forward
Center Wing Time % Phy DF OF
1 Andrew Gordon Mattias Weinhandl 60 1 2 2
2 Christian Hanson Fedor Fedorov 40 1 2 2
Penalty Kill 4 Players Defense
Defense Defense Time % Phy DF OF
1 Ryan Wilson Timothy Kunes 60 1 2 2
2 Jordie Benn Mike Funk 40 1 2 2
Penalty Kill - 3 Players Forward
Forward Time % Phy DF OF
1 Andrew Gordon 60 1 2 2
2 Mattias Weinhandl 40 1 2 2
Penalty Kill - 3 Players Defense
Defense Defense Time % Phy DF OF
1 Ryan Wilson Timothy Kunes 60 1 2 2
2 Jordie Benn Mike Funk 40 1 2 2
4 vs 4 Forward
Center Wing Time % Phy DF OF
1 Andrew Gordon Mattias Weinhandl 60 1 2 2
2 Christian Hanson Fedor Fedorov 40 1 2 2
4 vs 4 Defense
Defense Defense Time % Phy DF OF
1 Ryan Wilson Timothy Kunes 60 1 2 2
2 Jordie Benn Mike Funk 40 1 2 2
Last Minutes Offensive
Center Left Wing Right Wing Defense Defense
Christian Hanson Fedor Fedorov Andrew Gordon Ryan Wilson Timothy Kunes
Last Minutes Defensive
Center Left Wing Right Wing Defense Defense
Christian Hanson Fedor Fedorov Andrew Gordon Ryan Wilson Timothy Kunes
Goaltenders
Starting : Jason Missiaen
Backup : Marek Schwarz
Extra Forwards
Normal : Scott Glennie, Jared Knight, Lauri Tukonen - PP : Scott Glennie, Jared Knight - PK : Lauri Tukonen
Extra Defensemen
Normal : Stephen Johns, Robbie Russo, Jordie Benn - PP : Stephen Johns - PK : Robbie Russo, Jordie Benn
Penalty Shots
Andrew Gordon, Mattias Weinhandl, Christian Hanson, Fedor Fedorov, Lauri Tukonen
Scratches
Barry Tallackson (Healthy), Anthony Bitetto (Healthy), Matt Calvert (Healthy), Leland Irving (Healthy)
% Time on Ice - Staline
Lines # - Real PCT - Wanted PCT - Time Play
Normal Forward
1 - 31% - 40% - 15:10
2 - 31% - 30% - 15:13
3 - 27% - 20% - 13:08
4 - 10% - 10% - 5:02
Normal Defense
1 - 34% - 40% - 16:42
2 - 32% - 30% - 15:25
3 - 21% - 20% - 10:08
4 - 13% - 10% - 6:18
PP Forward
1 - 75% - 60% - 3:53
2 - 25% - 40% - 1:18
PP Defense
1 - 78% - 60% - 4:04
2 - 22% - 40% - 1:07
PK Forward
1 - 68% - 60% - 3:02
2 - 32% - 40% - 1:24
PK Defense
1 - 58% - 60% - 2:35
2 - 42% - 40% - 1:51
PK3 Forward
1 - 69% - 60% - 1:16
2 - 31% - 40% - 0:34
PK3 Defense
1 - 74% - 60% - 1:21
2 - 26% - 40% - 0:29
44 Forward
1 - 0% - 60%
2 - 0% - 40%
44 Defense
1 - 0% - 60%
2 - 0% - 40%
Last Minute Offensive - 0:00
Last Minute Defensive - 0:00
Total
Forward - 60:00
Defense - 60:00
|
% Time on Ice - Patriotes
Lines # - Real PCT - Wanted PCT - Time Play
Normal Forward
1 - 31% - 40% - 14:54
2 - 27% - 30% - 13:14
3 - 22% - 20% - 10:46
4 - 20% - 10% - 9:39
Normal Defense
1 - 47% - 40% - 22:41
2 - 27% - 30% - 12:57
3 - 15% - 20% - 7:26
4 - 11% - 10% - 5:29
PP Forward
1 - 56% - 60% - 3:30
2 - 44% - 40% - 2:46
PP Defense
1 - 67% - 60% - 4:13
2 - 33% - 40% - 2:03
PK Forward
1 - 86% - 60% - 4:29
2 - 14% - 40% - 0:42
PK Defense
1 - 86% - 60% - 4:28
2 - 14% - 40% - 0:43
PK3 Forward
1 - 0% - 60%
2 - 0% - 40%
PK3 Defense
1 - 0% - 60%
2 - 0% - 40%
44 Forward
1 - 0% - 60%
2 - 0% - 40%
44 Defense
1 - 0% - 60%
2 - 0% - 40%
Last Minute Offensive - 0:00
Last Minute Defensive - 0:00
Total
Forward - 60:00
Defense - 60:00
|
Play by Play
1st period
0:01 of 1st period - Christian Hanson wins face-off versus Cody Eakin in neutral zone.
0:04 of 1st period - Snap shot by Andrew Gordon.
0:04 of 1st period - Stopped by Allen York with a rebound.
3:15 of 1st period - Wrist shot by Christian Hanson.
3:15 of 1st period - Shot Blocked by Cody Eakin.
3:17 of 1st period - Slapshot by Mike Funk.
3:17 of 1st period - Shot Blocked by Matt Pettinger.
3:19 of 1st period - Wrist shot by Fedor Fedorov.
3:19 of 1st period - Stopped by Allen York with a rebound.
3:25 of 1st period - Timothy Kunes is hit by Matt Pettinger and loses puck.
3:50 of 1st period - Mike Funk is hit by Jordan Caron.
4:08 of 1st period - Snap shot by Mathieu Perreault.
4:08 of 1st period - Stopped by Allen York with a rebound.
4:10 of 1st period - Wrist shot by Mike Funk.
4:10 of 1st period - Shot Blocked by David Kolomatis.
4:48 of 1st period - Steven Goertzen is hit by Lauri Tukonen and loses puck.
5:44 of 1st period - Icing by Christian Hanson.
5:45 of 1st period - Christian Hanson wins face-off versus Matt Pettinger in Patriotes zone.
6:18 of 1st period - Slapshot by James Sheppard.
6:18 of 1st period - Shot Misses the Net.
6:20 of 1st period - Wrist shot by Peter Holland.
6:20 of 1st period - Shot Misses the Net.
6:22 of 1st period - Wrist shot by Peter Holland.
6:22 of 1st period - Stopped by Jason Missiaen without a rebound.
6:23 of 1st period - Corey Trivino wins face-off versus Zenon Konopka in Patriotes zone.
6:27 of 1st period - Minor Penalty to Timothy Kunes for Cross-checking.
6:28 of 1st period - Andrew Gordon wins face-off versus Cody Eakin in Patriotes zone.
6:34 of 1st period - Icing by Steven Goertzen.
6:35 of 1st period - Andrew Gordon wins face-off versus Cody Eakin in Staline zone.
7:02 of 1st period - Wrist shot by Corey Trivino.
7:02 of 1st period - Goal by Corey Trivino - Staline : 1 - Patriotes : 0.
7:03 of 1st period - Cody Eakin wins face-off versus Christian Hanson in neutral zone.
7:12 of 1st period - Wrist shot by Andrew Gordon.
7:12 of 1st period - Stopped by Allen York without a rebound.
7:13 of 1st period - Fedor Fedorov wins face-off versus Cody Eakin in Staline zone.
7:20 of 1st period - Wrist shot by Andrew Gordon.
7:20 of 1st period - Shot Misses the Net.
7:38 of 1st period - Wrist shot by Steven Goertzen.
7:38 of 1st period - Shot Blocked by Ryan Wilson.
7:38 of 1st period - Ryan Wilson from Patriotes is injured at 7:38 of 1st period (Bruised Left Arm).
7:39 of 1st period - Cody Eakin wins face-off versus Mattias Weinhandl in Patriotes zone.
8:26 of 1st period - Snap shot by Nick Spaling.
8:26 of 1st period - Stopped by Jason Missiaen with a rebound.
8:34 of 1st period - Wrist shot by Jordan Caron.
8:34 of 1st period - Stopped by Jason Missiaen without a rebound.
8:35 of 1st period - Corey Trivino wins face-off versus Christian Hanson in Patriotes zone.
8:48 of 1st period - Wrist shot by Fedor Fedorov.
8:48 of 1st period - Stopped by Allen York without a rebound.
8:49 of 1st period - Zenon Konopka wins face-off versus Corey Trivino in Staline zone.
8:50 of 1st period - Snap shot by Mattias Weinhandl.
8:50 of 1st period - Shot Misses the Net.
8:52 of 1st period - Slapshot by Timothy Kunes.
8:52 of 1st period - Stopped by Allen York with a rebound.
8:54 of 1st period - Wrist shot by Zenon Konopka.
8:54 of 1st period - Stopped by Allen York with a rebound.
8:56 of 1st period - Snap shot by Austin Watson.
8:56 of 1st period - Shot Misses the Net.
8:58 of 1st period - Slapshot by Mattias Weinhandl.
8:58 of 1st period - Shot Misses the Net.
9:00 of 1st period - Wrist shot by Zenon Konopka.
9:00 of 1st period - Stopped by Allen York with a rebound.
9:02 of 1st period - Snap shot by Zenon Konopka.
9:02 of 1st period - Shot Misses the Net.
9:04 of 1st period - Wrist shot by Mattias Weinhandl.
9:04 of 1st period - Shot Blocked by Brandon Burlon.
9:14 of 1st period - Andrew Gordon is hit by Matt Pettinger and loses puck.
9:21 of 1st period - Wrist shot by Steven Goertzen.
9:21 of 1st period - Stopped by Jason Missiaen without a rebound.
9:22 of 1st period - Cody Eakin wins face-off versus Christian Hanson in Patriotes zone.
9:25 of 1st period - Wrist shot by Steven Goertzen.
9:25 of 1st period - Shot Misses the Net.
9:31 of 1st period - Steven Goertzen is hit by Mike Funk and loses puck.
9:56 of 1st period - Wrist shot by Nick Spaling.
9:56 of 1st period - Stopped by Jason Missiaen with a rebound.
10:34 of 1st period - Slapshot by Steven Goertzen.
10:34 of 1st period - Shot Misses the Net.
10:52 of 1st period - Timothy Kunes is hit by Corey Trivino and loses puck.
11:07 of 1st period - Peter Holland is hit by Timothy Kunes and loses puck.
12:53 of 1st period - Cody Eakin is hit by Christian Hanson and loses puck.
13:06 of 1st period - Matt Pettinger is hit by Lauri Tukonen.
14:03 of 1st period - Slapshot by Zach Budish.
14:03 of 1st period - Stopped by Allen York without a rebound.
14:04 of 1st period - Cody Eakin wins face-off versus Melker Karlsson in Staline zone.
14:07 of 1st period - Snap shot by Melker Karlsson.
14:07 of 1st period - Shot Misses the Net.
14:19 of 1st period - Snap shot by Corey Trivino.
14:19 of 1st period - Shot Blocked by Zach Budish.
14:43 of 1st period - Peter Holland is hit by Jordie Benn and loses puck.
14:50 of 1st period - Minor Penalty to Stu Bickel for Cross-checking.
14:51 of 1st period - Matt Pettinger wins face-off versus Andrew Gordon in Staline zone.
14:51 of 1st period - Matt Pettinger is hit by Christian Hanson.
15:52 of 1st period - Slapshot by Matt Pettinger.
15:52 of 1st period - Stopped by Jason Missiaen without a rebound.
15:53 of 1st period - Nick Spaling wins face-off versus Christian Hanson in Patriotes zone.
16:22 of 1st period - Slapshot by Mattias Weinhandl.
16:22 of 1st period - Shot Misses the Net.
16:50 of 1st period - Penalty to Stu Bickel is over, Stu Bickel is back on ice.
16:54 of 1st period - Slapshot by Andrew Gordon.
16:54 of 1st period - Stopped by Allen York with a rebound.
16:56 of 1st period - Slapshot by Stephen Johns.
16:56 of 1st period - Shot Misses the Net.
17:10 of 1st period - Peter Holland is hit by Zach Budish and loses puck.
17:35 of 1st period - Lauri Tukonen is hit by Jordan Caron and loses puck.
18:12 of 1st period - Snap shot by Zach Budish.
18:12 of 1st period - Shot Blocked by Matt Pettinger.
18:33 of 1st period - Barclay Goodrow is hit by Fedor Fedorov and loses puck.
18:50 of 1st period - Minor Penalty to Mike Reilly for Hooking.
18:51 of 1st period - Christian Hanson wins face-off versus Matt Pettinger in Staline zone.
18:59 of 1st period - Minor Penalty to Steven Goertzen for Roughing.
19:00 of 1st period - Christian Hanson wins face-off versus Matt Pettinger in Staline zone.
19:18 of 1st period - Stu Bickel is hit by Andrew Gordon and loses puck.
Goals for this period are 1 for Staline vs 0 for Patriotes.
Shots for this period are 7 for Staline vs 10 for Patriotes.
2nd period
0:01 of 2nd period - Christian Hanson wins face-off versus Matt Pettinger in neutral zone.
0:50 of 2nd period - Penalty to Mike Reilly is over, Mike Reilly is back on ice.
0:59 of 2nd period - Penalty to Steven Goertzen is over, Steven Goertzen is back on ice.
1:08 of 2nd period - Snap shot by Nick Spaling.
1:08 of 2nd period - Stopped by Jason Missiaen with a rebound.
1:10 of 2nd period - Slapshot by Keith Yandle.
1:10 of 2nd period - Stopped by Jason Missiaen with a rebound.
1:12 of 2nd period - Slapshot by Corey Trivino.
1:12 of 2nd period - Stopped by Jason Missiaen without a rebound.
1:13 of 2nd period - Zenon Konopka wins face-off versus Corey Trivino in Patriotes zone.
1:26 of 2nd period - Snap shot by Nick Spaling.
1:26 of 2nd period - Stopped by Jason Missiaen without a rebound.
1:27 of 2nd period - Christian Hanson wins face-off versus Cody Eakin in Patriotes zone.
1:32 of 2nd period - Wrist shot by Matt Pettinger.
1:32 of 2nd period - Stopped by Jason Missiaen with a rebound.
2:32 of 2nd period - Minor Penalty to Jordan Caron for High sticking.
2:33 of 2nd period - Matt Pettinger wins face-off versus Christian Hanson in Staline zone.
2:33 of 2nd period - Matt Pettinger is hit by Christian Hanson.
2:55 of 2nd period - Icing by Christian Hanson.
2:56 of 2nd period - Christian Hanson wins face-off versus Matt Pettinger in Patriotes zone.
3:11 of 2nd period - Keith Yandle is hit by Austin Watson.
3:26 of 2nd period - Nick Spaling is hit by Christian Hanson and loses puck.
4:32 of 2nd period - Penalty to Jordan Caron is over, Jordan Caron is back on ice.
4:42 of 2nd period - Philip Larsen is hit by Timothy Kunes and loses puck.
4:49 of 2nd period - Barclay Goodrow is hit by Lauri Tukonen and loses puck.
5:06 of 2nd period - Mattias Weinhandl is hit by Nick Spaling and loses puck.
8:15 of 2nd period - Peter Holland is hit by Jared Knight and loses puck.
8:44 of 2nd period - David Kolomatis is hit by Christian Hanson and loses puck.
9:13 of 2nd period - Steven Goertzen is hit by Melker Karlsson.
9:53 of 2nd period - Stu Bickel is hit by Jared Knight and loses puck.
10:18 of 2nd period - James Sheppard is hit by Melker Karlsson and loses puck.
12:33 of 2nd period - Philip Larsen is hit by Melker Karlsson and loses puck.
15:09 of 2nd period - Slapshot by Bryan Bickell.
15:09 of 2nd period - Deflect By Mathieu Perreault.
15:09 of 2nd period - Shot Misses the Net.
15:09 of 2nd period - Puck is out of play.
15:10 of 2nd period - Jiri Sekac wins face-off versus Mathieu Perreault in Patriotes zone.
15:14 of 2nd period - Icing by Andrew Gordon.
15:15 of 2nd period - Mathieu Perreault wins face-off versus James Sheppard in Patriotes zone.
16:20 of 2nd period - Mattias Weinhandl is hit by Peter Holland and loses puck.
17:05 of 2nd period - David Kolomatis is hit by Stephen Johns.
17:27 of 2nd period - Cody Eakin is hit by Fedor Fedorov and loses puck.
18:03 of 2nd period - Icing by Mathieu Perreault.
18:04 of 2nd period - Corey Trivino wins face-off versus Mathieu Perreault in Patriotes zone.
18:21 of 2nd period - Wrist shot by Mattias Weinhandl.
18:21 of 2nd period - Shot Misses the Net.
18:27 of 2nd period - Minor Penalty to Peter Holland for Slashing.
18:28 of 2nd period - Zenon Konopka wins face-off versus Matt Pettinger in Staline zone.
18:33 of 2nd period - Snap shot by Zenon Konopka.
18:33 of 2nd period - Stopped by Allen York with a rebound.
18:35 of 2nd period - Snap shot by Mike Funk.
18:35 of 2nd period - Stopped by Allen York with a rebound.
18:37 of 2nd period - Slapshot by Stephen Johns.
18:37 of 2nd period - Deflect By Zenon Konopka.
18:37 of 2nd period - Goal by Zenon Konopka - Staline : 1 - Patriotes : 1.
18:38 of 2nd period - Christian Hanson wins face-off versus Cody Eakin in neutral zone.
18:42 of 2nd period - Off-side.
18:43 of 2nd period - Christian Hanson wins face-off versus Cody Eakin in neutral zone.
18:50 of 2nd period - Snap shot by Matt Pettinger.
18:50 of 2nd period - Stopped by Jason Missiaen with a rebound.
19:12 of 2nd period - Backhand shot by Keith Yandle.
19:12 of 2nd period - Deflect By Jordie Benn.
19:12 of 2nd period - Stopped by Jason Missiaen without a rebound.
19:13 of 2nd period - Austin Watson wins face-off versus Corey Trivino in Patriotes zone.
19:17 of 2nd period - Off-side.
19:18 of 2nd period - Matt Pettinger wins face-off versus Christian Hanson in neutral zone.
19:39 of 2nd period - Minor Penalty to Stephen Johns for Interference.
19:40 of 2nd period - Andrew Gordon wins face-off versus Cody Eakin in Patriotes zone.
Goals for this period are 0 for Staline vs 1 for Patriotes.
Shots for this period are 7 for Staline vs 3 for Patriotes.
3rd period
0:01 of 3rd period - Andrew Gordon wins face-off versus Cody Eakin in neutral zone.
0:03 of 3rd period - Off-side.
0:04 of 3rd period - Cody Eakin wins face-off versus Andrew Gordon in neutral zone.
0:08 of 3rd period - Off-side.
0:09 of 3rd period - Andrew Gordon wins face-off versus Cody Eakin in neutral zone.
0:16 of 3rd period - Slapshot by Keith Yandle.
0:16 of 3rd period - Deflect By Steven Goertzen.
0:16 of 3rd period - Shot Misses the Net.
0:16 of 3rd period - Puck is out of play.
0:17 of 3rd period - Mattias Weinhandl wins face-off versus Cody Eakin in Patriotes zone.
0:28 of 3rd period - Andrew Gordon is hit by Steven Goertzen and loses puck.
1:17 of 3rd period - Off-side.
1:18 of 3rd period - Corey Trivino wins face-off versus Andrew Gordon in neutral zone.
1:21 of 3rd period - Slapshot by Philip Larsen.
1:21 of 3rd period - Goal by Philip Larsen - Staline : 2 - Patriotes : 1.
1:22 of 3rd period - Christian Hanson wins face-off versus Corey Trivino in neutral zone.
1:27 of 3rd period - Jordan Caron is hit by Jordie Benn and loses puck.
1:45 of 3rd period - Minor Penalty to Fedor Fedorov for Hooking.
1:46 of 3rd period - Andrew Gordon wins face-off versus Cody Eakin in Patriotes zone.
2:13 of 3rd period - Snap shot by Jordan Caron.
2:13 of 3rd period - Shot Hit the Post.
2:15 of 3rd period - Wrist shot by Jordan Caron.
2:15 of 3rd period - Shot Blocked by Robbie Russo.
2:37 of 3rd period - Christian Hanson is hit by Philip Larsen and loses puck.
3:45 of 3rd period - Penalty to Fedor Fedorov is over, Fedor Fedorov is back on ice.
3:45 of 3rd period - Slapshot by Jiri Sekac.
3:45 of 3rd period - Stopped by Jason Missiaen without a rebound.
3:46 of 3rd period - Jiri Sekac wins face-off versus Melker Karlsson in Patriotes zone.
3:54 of 3rd period - Off-side.
3:55 of 3rd period - Peter Holland wins face-off versus Melker Karlsson in neutral zone.
4:02 of 3rd period - Wrist shot by Peter Holland.
4:02 of 3rd period - Deflect By James Sheppard.
4:02 of 3rd period - Shot Misses the Net.
4:02 of 3rd period - Puck is out of play.
4:03 of 3rd period - Christian Hanson wins face-off versus Peter Holland in Patriotes zone.
4:10 of 3rd period - Slapshot by Peter Holland.
4:10 of 3rd period - Stopped by Jason Missiaen with a rebound.
4:12 of 3rd period - Wrist shot by James Sheppard.
4:12 of 3rd period - Deflect By Peter Holland.
4:12 of 3rd period - Stopped by Jason Missiaen with a rebound.
4:14 of 3rd period - Slapshot by Keith Yandle.
4:14 of 3rd period - Shot Misses the Net.
4:18 of 3rd period - Snap shot by James Sheppard.
4:18 of 3rd period - Stopped by Jason Missiaen with a rebound.
4:28 of 3rd period - Mike Funk is hit by Cody Eakin and loses puck.
5:34 of 3rd period - Austin Watson is hit by Jordan Caron and loses puck.
5:49 of 3rd period - Backhand shot by Keith Yandle.
5:49 of 3rd period - Stopped by Jason Missiaen without a rebound.
5:50 of 3rd period - Mathieu Perreault wins face-off versus Peter Holland in Patriotes zone.
5:50 of 3rd period - Mathieu Perreault is hit by Keith Yandle.
7:04 of 3rd period - Snap shot by James Sheppard.
7:04 of 3rd period - Shot Misses the Net.
8:08 of 3rd period - Snap shot by Fedor Fedorov.
8:08 of 3rd period - Shot Blocked by Nick Spaling.
8:10 of 3rd period - Wrist shot by Jared Knight.
8:10 of 3rd period - Shot Misses the Net.
8:36 of 3rd period - James Sheppard is hit by Mathieu Perreault and loses puck.
9:03 of 3rd period - Jordan Caron is hit by Fedor Fedorov and loses puck.
9:10 of 3rd period - Corey Trivino is hit by Fedor Fedorov and loses puck.
9:30 of 3rd period - Cody Eakin is hit by Jared Knight and loses puck.
9:41 of 3rd period - Stu Bickel is hit by Mattias Weinhandl and loses puck.
10:24 of 3rd period - Slapshot by Fedor Fedorov.
10:24 of 3rd period - Stopped by Allen York with a rebound.
10:26 of 3rd period - Slapshot by Mike Funk.
10:26 of 3rd period - Shot Misses the Net.
12:49 of 3rd period - Jiri Sekac is hit by Zach Budish and loses puck.
14:17 of 3rd period - Icing by Zenon Konopka.
14:18 of 3rd period - Corey Trivino wins face-off versus Mathieu Perreault in Patriotes zone.
14:19 of 3rd period - Snap shot by Nick Spaling.
14:19 of 3rd period - Shot Misses the Net.
14:29 of 3rd period - Matt Pettinger is hit by Stephen Johns and loses puck.
14:42 of 3rd period - Timothy Kunes is hit by Peter Holland.
14:45 of 3rd period - Off-side.
14:46 of 3rd period - Melker Karlsson wins face-off versus Peter Holland in neutral zone.
14:55 of 3rd period - Slapshot by Stu Bickel.
14:55 of 3rd period - Shot Misses the Net.
14:57 of 3rd period - Slapshot by Stu Bickel.
14:57 of 3rd period - Deflect By James Sheppard.
14:57 of 3rd period - Shot Blocked by Mike Funk.
14:57 of 3rd period - Puck is out of play.
14:58 of 3rd period - Zenon Konopka wins face-off versus Cody Eakin in Patriotes zone.
14:58 of 3rd period - Zenon Konopka is hit by Matt Pettinger.
15:10 of 3rd period - Wrist shot by Mattias Weinhandl.
15:10 of 3rd period - Stopped by Allen York with a rebound.
15:28 of 3rd period - Nick Spaling is hit by Timothy Kunes and loses puck.
15:49 of 3rd period - Jordie Benn is hit by Matt Pettinger and loses puck.
16:09 of 3rd period - Icing by James Sheppard.
16:10 of 3rd period - Zenon Konopka wins face-off versus Peter Holland in Staline zone.
16:23 of 3rd period - Snap shot by Matt Pettinger.
16:23 of 3rd period - Stopped by Jason Missiaen without a rebound.
16:24 of 3rd period - Christian Hanson wins face-off versus Steven Goertzen in Patriotes zone.
16:32 of 3rd period - Icing by Fedor Fedorov.
16:33 of 3rd period - Christian Hanson wins face-off versus Matt Pettinger in Patriotes zone.
16:47 of 3rd period - Minor Penalty to Stephen Johns for Holding.
16:48 of 3rd period - Andrew Gordon wins face-off versus Cody Eakin in Patriotes zone.
16:53 of 3rd period - Slapshot by Matt Pettinger.
16:53 of 3rd period - Stopped by Jason Missiaen with a rebound.
16:55 of 3rd period - Slapshot by Steven Goertzen.
16:55 of 3rd period - Shot Blocked by Robbie Russo.
16:57 of 3rd period - Slapshot by Stu Bickel.
16:57 of 3rd period - Deflect By Matt Pettinger.
16:57 of 3rd period - Shot Misses the Net.
16:57 of 3rd period - Puck is out of play.
16:58 of 3rd period - Cody Eakin wins face-off versus Andrew Gordon in Patriotes zone.
17:09 of 3rd period - Snap shot by Keith Yandle.
17:09 of 3rd period - Deflect By Steven Goertzen.
17:09 of 3rd period - Shot Misses the Net.
17:09 of 3rd period - Puck is out of play.
17:10 of 3rd period - Andrew Gordon wins face-off versus Matt Pettinger in Patriotes zone.
17:10 of 3rd period - Andrew Gordon is hit by Steven Goertzen.
17:22 of 3rd period - Snap shot by Matt Pettinger.
17:22 of 3rd period - Shot Misses the Net.
17:24 of 3rd period - Slapshot by Keith Yandle.
17:24 of 3rd period - Shot Blocked by Robbie Russo.
17:40 of 3rd period - Slapshot by Stu Bickel.
17:40 of 3rd period - Shot Misses the Net.
17:42 of 3rd period - Snap shot by Nick Spaling.
17:42 of 3rd period - Goal by Nick Spaling - Staline : 3 - Patriotes : 1.
17:43 of 3rd period - Matt Pettinger wins face-off versus Lauri Tukonen in neutral zone.
17:52 of 3rd period - Stu Bickel is hit by Lauri Tukonen and loses puck.
18:19 of 3rd period - Austin Watson is hit by Nick Spaling.
18:31 of 3rd period - Wrist shot by Fedor Fedorov.
18:31 of 3rd period - Stopped by Allen York with a rebound.
18:33 of 3rd period - Wrist shot by Jordie Benn.
18:33 of 3rd period - Deflect By Brandon Burlon.
18:33 of 3rd period - Stopped by Allen York with a rebound.
18:35 of 3rd period - Wrist shot by Fedor Fedorov.
18:35 of 3rd period - Stopped by Allen York with a rebound.
19:26 of 3rd period - Keith Yandle is hit by Timothy Kunes and loses puck.
19:40 of 3rd period - Icing by Timothy Kunes.
19:41 of 3rd period - Jared Knight wins face-off versus Jiri Sekac in Patriotes zone.
Goals for this period are 2 for Staline vs 0 for Patriotes.
Shots for this period are 9 for Staline vs 5 for Patriotes.
Back to the Top